 Dungeon Crawl Stone Soup version 0.30.1-9-gdf580d7c3d (webtiles) character file.

Game seed: 10309171474339168541

108 AppTheSpectato the Gusty (level 4, 0/33 HPs)
             Began as a Draconian Air Elementalist on Oct 19, 2023.
             Slain by a scorpion (3 damage)
             ... on level 3 of the Dungeon.
             The game lasted 00:11:16 (3102 turns).

AppTheSpectato the Gusty (DrAE)                     Turns: 3102, Time: 00:11:17

Health: 0/33       AC:  5    Str: 11    XL:     4   Next: 58%
Magic:  6/7        EV: 12    Int: 17    God:
Gold:   141        SH:  0    Dex: 11    Spells: 6/7 levels left

rFire   . . .        d - staff of cold
rCold   + + .        (no shield)
rNeg    . . .        (body armour unavailable)
rPois   .            (helmet restricted)
rElec   .            (no cloak)
rCorr   .            (no gloves)
SInv    .            (no boots)
Will    .....        (no amulet)
Stlth   ++           n - ring of protection from cold
HPRegen 0.25/turn    (no ring)
MPRegen 0.10/turn

%: no passive effects
@: lethally poisoned (0 -> -4)
A: AC +5, unfitting armour, cold-blooded
a: no special abilities


You were on level 3 of the Dungeon.
You visited 1 branch of the dungeon, and saw 3 of its levels.

You collected 141 gold pieces.

Inventory:

Missiles
 b - 2 boomerangs
Magical Staves
 d - a staff of cold (weapon)
Jewellery
 n - a ring of protection from cold (left hand)
Scrolls
 f - a scroll of amnesia
 h - a scroll of brand weapon {unknown}
 i - 2 scrolls of noise {unknown}
 j - 2 scrolls of magic mapping
 k - 5 scrolls of teleportation {unknown}
 l - a scroll of enchant weapon {unknown}
Potions
 a - 2 potions of magic
 c - 2 potions of cancellation {unknown}
 g - 3 potions of curing
 m - a potion of heal wounds


   Skills:
 - Level 1.7 Dodging
 - Level 1.7 Stealth
 - Level 2.0 Spellcasting
 + Level 1.9 Conjurations
 + Level 5.1 Air Magic


You had 6 spell levels left.
You knew the following spells:

 Your Spells              Type           Power      Damage    Failure   Level
a - Shock                 Conj/Air       52%        1d6       4%          1

Your spell library contained the following spells:

 Spells                   Type           Power      Damage    Failure   Level
 Static Discharge         Conj/Air       26%        2-4/arc   7%          2
 Swiftness                Air            19%        N/A       7%          3
 Airstrike                Air            9%         2d(2-18)  24%         4


Dungeon Overview and Level Annotations

Branches:
Dungeon (3/15)

Altars:


Innate Abilities, Weirdness & Mutations

Your plain brown scales are hard. (AC +5)
You cannot fit into any form of body armour.
You are cold-blooded and may be slowed by cold attacks.


Message History

Memorise Swiftness, consuming 3 spell levels and leaving 3?
The scorpion misses you.
You start memorising the spell.
You continue memorising.
The scorpion barely misses you.
You continue memorising.
The scorpion misses you. The scorpion stings you.
Your memorisation is interrupted.
The scorpion stings you.
You are poisoned.
The scorpion poisons you! The scorpion attacks as you move away!
The scorpion stings you.
You feel very sick. The scorpion attacks as you move away!
The scorpion barely misses you.
You feel sick. The scorpion attacks as you move away!
The scorpion barely misses you.
You feel sick.
You feel sick. The scorpion attacks as you move away!
The scorpion closely misses you.
You feel sick.
The scorpion stings you but does no damage.
You barely miss the scorpion.
You feel sick. The scorpion stings you.
You closely miss the scorpion.
You tail-slap the scorpion, but do no damage.
You feel sick. The scorpion barely misses you.
You barely miss the scorpion.
You tail-slap the scorpion, but do no damage.
You feel sick.
You are no longer poisoned.
The scorpion stings you.
* * * LOW HITPOINT WARNING * * *
You are lethally poisoned!
The scorpion poisons you! The scorpion misses you.
* * * LOW HITPOINT WARNING * * *
You feel very sick.
* * * LOW HITPOINT WARNING * * *
You feel sick. The scorpion attacks as you move away!
The scorpion barely misses you.
* * * LOW HITPOINT WARNING * * *
You feel sick. The scorpion stings you.
You die...

### #. ... #. ... #. #### ..#
#. ... ..# #. ####. .†#
#.########## #..<. ..#
#..s@....... #.###
..###########..#########.####.#
........$......# #......#
#.#.##########.##############.#
#..............#.......# #.###
###.############.#####.# #....
#.### #.# #.# #####
#...##########.# #.# #
###............# #.# #


You could see a scorpion.

Vanquished Creatures
  3 adders
  A worm (D:2)
  An orc (D:3)
  12 ball pythons
  9 endoplasms
  4 giant cockroaches
  7 goblins
  5 hobgoblins
  2 jackals (D:2)
  A quokka (D:2)
  11 bats
  2 frilled lizards
  8 kobolds
  6 rats
72 creatures vanquished.

Notes
Turn   | Place    | Note
-------+----------+-------------------------------------------
     0 | D:1      | AppTheSpectato the Draconian Air Elementalist began the
                  | quest for the Orb.
     0 | D:1      | Reached XP level 1. HP: 14/14 MP: 3/3
   232 | D:1      | Reached XP level 2. HP: 20/20 MP: 3/5
   281 | D:1      | Found a faded altar of an unknown god.
   671 | D:1      | Reached skill level 4 in Air Magic
  1088 | D:2      | Reached XP level 3. HP: 26/26 MP: 0/6
  1754 | D:2      | Identified the +1 leather armour "Leprevid" {rCorr Str-5
                  | Dex+3}
  2295 | D:3      | Reached XP level 4. HP: 33/33 MP: 3/7
  2524 | D:3      | Identified the +5 mace "Hiegh" {distort, Str+4 Int-4}
  2704 | D:3      | Reached skill level 5 in Air Magic
  3075 | D:3      | Noticed a scorpion
  3102 | D:3      | Slain by a scorpion

Illustrated notes

Levels and vault maps discovered:
D:1:      roderic_octagonal_star, layout_loops_cross,
          ebering_ecumenical_altar_rust
D:2:      layout_basic
D:3:      layout_loops_ring, minmay_snake_closets

Skill      XL: |  1  2  3  4 |
---------------+-------------+-----
Air Magic      | 4 5 |  5.1
Dodging        | |  1.7
Stealth        | |  1.7
Spellcasting   | |  2.0
Conjurations   | |  1.9

Action                     |  1- 3 |  4- 6 || total
---------------------------+-------+-------++-------
  Melee: Staff             |    18 |    18 ||    36
         Tailslap          |     2 |     3 ||     5
   Cast: Shock             |    93 |    40 ||   133
    Use: Potion            |     2 |       ||     2
         Scroll            |       |     4 ||     4
 Armour: Skin              |    16 |     9 ||    25
  Dodge: Dodged            |    31 |    17 ||    48
